 Dungeon Crawl Stone Soup version 0.21-a0-536-gdbbf329 (webtiles) character file.

18 kae the Ruffian (level 2, -1/23 HPs)
             Began as a Draconian Transmuter on Dec 14, 2017.
             Killed from afar by Natasha (4 damage)
             ... with a magic dart
             ... on level 2 of the Dungeon.
             The game lasted 00:01:03 (939 turns).

kae the Ruffian (Draconian Transmuter)               Turns: 939, Time: 00:01:03

Health: -1/23      AC:  4    Str: 12    XL:     2   Next: 48%
Magic:  5/5        EV: 12    Int: 13    God:
Gold:   80         SH:  0    Dex: 11    Spells: 4/5 levels left

rFire    . . .     SeeInvis .     - Unarmed
rCold    . . .     Gourm    .   (no shield)
rNeg     . . .     Faith    .   (armour unavailable)
rPois    .         Spirit   .   (helmet restricted)
rElec    .         Reflect  .   (no cloak)
rCorr    .         Harm     .   (no gloves)
MR       .....                  (no boots)
Stlth    +.........             (no amulet)
HPRegen  0.07/turn              (no ring)
MPRegen  0.09/turn              (no ring)

@: no status effects
A: unfitting armour, cold-blooded, AC +4
a: no special abilities


You were on level 2 of the Dungeon.
You were not hungry.

You visited 1 branch of the dungeon, and saw 2 of its levels.

You collected 80 gold pieces.

Inventory:

Missiles
 a - 29 arrows
Scrolls
 e - 2 scrolls of identify
Potions
 d - a potion of mutation
 g - a potion of lignification
Books
 b - a book of Changes

   Spells                             Type                      Level
   a - Beastly Appendage              Transmutation                1
   b - Sticks to Snakes               Transmutation                2
   c - Spider Form                    Transmutation/Poison         3
   d - Ice Form                       Ice/Transmutation            4
   e - Blade Hands                    Transmutation                5
Comestibles
 c - 3 bread rations
 h - a royal jelly


   Skills:
 + Level 1.5 Fighting
 - Level 1.7 Dodging
 * Level 3.3 Unarmed Combat
 + Level 2.2 Spellcasting
 + Level 2.2 Transmutations


You had 4 spell levels left.
You knew the following spells:

 Your Spells              Type           Power        Failure   Level  Hunger
a - Beastly Appendage     Tmut           #.....       10%         1    ##.....


Dungeon Overview and Level Annotations

Branches:
Dungeon (2/15)

Altars:

Annotations:
D:2 Natasha


Innate Abilities, Weirdness & Mutations

Your plain brown scales are hard. (AC +4)
You cannot fit into any form of body armour.
You are cold-blooded and may be slowed by cold attacks.


Message History

The gnoll barely misses you.
You closely miss the gnoll.
The gnoll is heavily wounded.
The gnoll barely misses you. The gnoll completely misses you.
A gnoll comes into view. It is wielding a spear.
The gnoll barely misses you.
Okay, then.
Okay, then.
A gnoll comes into view.
The gnoll hits you with a spear.
Natasha hisses angrily.
The gnoll misses you.
Natasha stares at you and mumbles some strange words.
You resist with significant effort.
The gnoll hits you from afar with a spear of piercing!
* * * LOW HITPOINT WARNING * * *
x2 The gnoll hits you but does no damage.
Natasha casts a spell at you. The magic dart hits you!
You die...

......####..
#...##.#..
#h...#.#.#
#......#.#
#....#.#.#
#.#.)#.#.##.#
#.#...g)g...#
#.#...gg....?.#
# ##@.##.######
#..>........
............###
########..###
%..# #... ....
##...


You could see Natasha and 4 gnolls.

Vanquished Creatures
  A dart slug (D:2)
  A giant cockroach (D:2)
  5 goblins
  3 hobgoblins (D:1)
  A kobold (D:1)
  2 rats (D:1)
13 creatures vanquished.

Notes
Turn   | Place    | Note
-------+----------+-------------------------------------------
     0 | D:1      | kae the Draconian Transmuter began the quest for the Orb.
     0 | D:1      | Reached XP level 1. HP: 16/16 MP: 3/3
   643 | D:1      | Reached XP level 2. HP: 23/23 MP: 5/5
   929 | D:2      | Noticed Natasha
   939 | D:2      | Killed from afar by Natasha

Vault maps used:
D:1:      dpeg_arrival_tiny_a
D:2:      lemuel_crystal_altar, uniq_natasha

Action                   || total
-------------------------++-------
Melee: Unarmed           ||    43
       Tailslap          ||     3
       Punch             ||     1
 Cast: Beastly Appendage ||     2
  Use: Scroll            ||     5
Armor: Skin              ||     8
Dodge: Dodged            ||    18

Table legend:
 A = Spawn XP
 B = Non-spawn XP
 C = Spawn XP percentage of total XP
 D = Spawn monster count
 E = Non-spawn monster count
 F = Spawn count percentage of total count
 G = Total turns spent on level
                    A         B        C        D         E        F      G
               +---------+---------+-------+---------+---------+-------+---------
         Total |       0 |      26 |   0.0 |       0 |      13 |   0.0 |   939
               +---------+---------+-------+---------+---------+-------+---------
           D:1 |       0 |      16 |   0.0 |       0 |       9 |   0.0 |   906
           D:2 |       0 |      10 |   0.0 |       0 |       4 |   0.0 |    33
               +---------+---------+-------+---------+---------+-------+---------
